 Dungeon Crawl Stone Soup version 0.17.1-2-g5865329 (webtiles) character file.

449 xeno23 the Insei (level 7, -5/55 HPs)
             Began as a Human Monk on Jan 16, 2016.
             Slain by a troll (11 damage)
             ... on level 4 of the Dungeon.
             The game lasted 00:13:55 (3502 turns).

xeno23 the Insei (Human Monk)                       Turns: 3502, Time: 00:14:08

Health: -5/55      AC:  7    Str: 12    XL:     7   Next: 25%
Magic:  7/7        EV: 11    Int: 10    God:
Gold:   31         SH:  0    Dex: 17    Spells: 0 memorised, 6 levels left

rFire  . . .     SeeInvis .       - Unarmed
rCold  . . .     Clarity  .     h - +0 scale mail
rNeg   . . .     SustAt   .     (no shield)
rPois  .         Gourm    .     v - +0 helmet
rElec  .         Spirit   .     (no cloak)
rCorr  .         Warding  .     (no gloves)
rMut   .         Stasis   .     (no boots)
MR     .....                    (no amulet)
Stlth  +.........               (no ring)
                                (no ring)

@: very slightly contaminated, invisible, not resistant to hostile enchantments,
very unstealthy
A: regeneration 1
a: no special abilities


You were on level 4 of the Dungeon.
You were not hungry.

You visited 1 branch of the dungeon, and saw 4 of its levels.

You collected 119 gold pieces.
You spent 88 gold pieces at shops.

Inventory:

Missiles
 f - 179 stones (quivered)
 j - a throwing net
 l - 17 poisoned needles
Armour
 h - a +0 scale mail (worn)
 k - an ice dragon hide
 v - a +0 helmet (worn)
Wands
 c - a wand of invisibility (5)
Scrolls
 a - a scroll of noise
 e - 4 scrolls of remove curse
 g - 2 scrolls of identify
 n - 2 scrolls of teleportation
 o - a scroll of amnesia {unknown}
 p - a scroll of enchant armour {unknown}
 s - a scroll of immolation {unknown}
 w - a scroll of enchant weapon {unknown}
Potions
 d - a potion of curing
 i - a potion of magic
 m - a potion of mutation {unknown}
 r - a potion of might {unknown}
 t - a potion of heal wounds
Comestibles
 b - 5 bread rations
 q - a meat ration
 u - 3 fruits
 x - a chunk of flesh


   Skills:
 + Level 4.4 Fighting
 + Level 4.6 Dodging
 + Level 2.0 Stealth
 * Level 6.5 Unarmed Combat


You had 6 spell levels left.
You didn't know any spells.

Dungeon Overview and Level Annotations

Branches:
Dungeon (4/15)
 Temple: D:4-7

Altars:
Kikubaaqudgha
Qazlal

Shops:
D:4 ?


Innate Abilities, Weirdness & Mutations

Your natural rate of healing is unusually fast.


Message History

There is an open door here.
Evoke which item? (* to show all) (? for menu, Esc to quit)
Zapping:
c - a wand of invisibility (6)
Press: ? - help, Shift-Dir - straight line, f - you You fade into invisibility!
You are very lightly contaminated with residual magic.
This wand has 5 charges left.
You closely miss the troll. The troll bites you! The troll claws you.
The troll claws you!
You take 23 damage.
You hit the troll but do no damage. The troll bites you!
The troll barely misses you. The troll claws you but does no damage.
You take 11 damage.
You catch the helpless troll completely off-guard!
You hit the troll.
The troll is lightly wounded.
The troll bites you!
* * * LOW HITPOINT WARNING * * *
The troll claws you!
You die...

#....###########.# #.#
###....#...........###.# .#
..'....+...............# #.#
.##....#.#<........##..# #.#
.##....#.###'####..##..##### #.#
....####.#......#..........# #.#
.#..)# #.#......#..##..##### #.#
+#...###.#......#T.##..#######.#
.........'......@....>........(#
.....###'#......#..##.########.#
....#...........#..##.# #.#
....#...........#..##.# #)#
....#......#'####..##.# #.#
....#......#.####..##.# #.#
...................##.########.#
####...#.###.####..............#
#...#.##<......###.########.#


You could see a troll.

Vanquished Creatures
  A giant frog (D:3)
  A scorpion (D:4)
  A giant frog zombie (D:4)
  The ghost of Gargoyl the Sneak, a weakling SpEn (D:4)
  An orc priest (D:3)
  Ijyb (D:2)
  An iguana (D:4)
  Robin (D:4)
  3 adders
  4 gnolls (D:4)
  An adder zombie (D:4)
  3 worms
  8 giant geckos
  6 orcs
  6 giant cockroaches
  15 goblins
  9 hobgoblins
  3 jackals (D:1)
  2 quokkas
  A ball python (D:1)
  4 bats
  A giant gecko skeleton (D:4)
  9 giant newts
  10 kobolds
  7 rats
100 creatures vanquished.

Vanquished Creatures (others)
  An ooze (D:1)
1 creature vanquished.

Grand Total: 101 creatures vanquished

Notes
Turn   | Place    | Note
--------------------------------------------------------------
     0 | D:1      | xeno23 the Human Monk began the quest for the Orb.
     0 | D:1      | Reached XP level 1. HP: 18/18 MP: 1/1
   176 | D:1      | Reached XP level 2. HP: 21/24 MP: 2/2
   518 | D:1      | Reached XP level 3. HP: 29/29 MP: 3/3
   999 | D:2      | Noticed Ijyb
  1034 | D:2      | Killed Ijyb
  1034 | D:2      | Reached XP level 4. HP: 20/35 MP: 4/4
  1366 | D:2      | Reached skill level 5 in Unarmed Combat
  1884 | D:3      | Reached XP level 5. HP: 38/41 MP: 5/5
  2418 | D:4      | Noticed Gargoyl's ghost (weakling SpEn)
  2432 | D:4      | Killed Gargoyl's ghost
  2597 | D:4      | Noticed Robin
  2619 | D:4      | Killed Robin
  2619 | D:4      | Reached XP level 6. HP: 37/48 MP: 6/6
  2667 | D:4      | Reached skill level 6 in Unarmed Combat
  2714 | D:4      | Found an ancient bone altar of Kikubaaqudgha.
  2805 | D:4      | Found Wedwel's Magic Scroll Shoppe.
  2813 | D:4      | Bought a scroll of identify for 22 gold pieces
  2813 | D:4      | Bought a scroll of identify for 22 gold pieces
  2813 | D:4      | Bought a scroll of teleportation for 33 gold pieces
  2813 | D:4      | Bought a scroll of noise for 11 gold pieces
  2814 | D:4      | Gained mutation: Your natural rate of healing is unusually fast. [potion of beneficial mutation]
  2822 | D:4      | Noticed a troll
  3057 | D:4      | Reached XP level 7. HP: 43/55 MP: 7/7
  3201 | D:4      | Found a stormy altar of Qazlal.
  3502 | D:4      | Slain by a troll

Action                   |  1- 3 |  4- 6 |  7- 9 || total
-------------------------+-------+-------+-------++-------
Melee: Unarmed           |   109 |   258 |    63 ||   430
Throw: Stone             |       |     1 |       ||     1
Evoke: Wand              |       |       |     1 ||     1
  Use: Potion            |       |     3 |       ||     3
       Scroll            |       |     1 |     3 ||     4
 Stab: Sleeping          |     8 |       |       ||     8
       Invisible         |       |       |     1 ||     1
  Eat: Chunk             |       |     7 |     2 ||     9
